cohdb
Replays
Latest Replays
All Replays
Popular Replays
Top Player Replays
Match Explorer
How It Works
Community
CoH3 Stats
Reddit
Sign in to upload your games and track your stats! →
Sign in with Steam
Match 43311892
Unlisted
Match 43311892
Overview
Messages
Build Orders
End
Construct Weapon Support Center
Engineer Squad
M1919 Machine Gun Team
Bazooka Squad
M1919 Machine Gun Team
Mechanized Support Center
.30 cal Machine Gun
M3 Armored Personnel Carrier
Forward Retreat Point
Selects Heavy Weapons
Selects Assault Carriers
.30 cal Machine Gun
Bazooka Squad
Designate Forward Repair Station
Construct Tank Depot
.30 cal Machine Gun
M4(105) Sherman Bulldozer
Selects M2HB .50cal Heavy Machine Gun
Selects Gallant Stand
Designate Forward Repair Station
M4(105) Sherman Bulldozer
Improvised Armor
Improved M9 Bazooka Rockets
Forward Retreat Point
Mortar Pit
Selects Black Dragon Artillery Barrage
M1919 Machine Gun Team
M1919 Machine Gun Team
Black Dragon Artillery Barrage
Salvage Crew
Engineer Squad
Black Dragon Artillery Barrage
Rapid Repairs
Selects Exchangeable Parts
Guh
ProxyFox
Personal Iroha Cushion
∞ | Mèo Múp
MrBiggles
soda soda
MrGlaucus
TacticalVanguard
0
0
Comments
sign in to comment!
No comments posted yet!